 Dungeon Crawl Stone Soup version 0.22.1 (webtiles) character file.

11603 Markonkel the Cleaver (level 11, -6/102 HPs)
             Began as a Minotaur Berserker on Sept 19, 2018.
             Was an Elder of Trog.
             Mangled by an 11-headed hydra (10 damage)
             ... on level 1 of the Lair of Beasts.
             The game lasted 00:44:27 (12238 turns).

Markonkel the Cleaver (Minotaur Berserker)         Turns: 12238, Time: 00:44:27

Health: -6/102     AC: 20    Str: 25    XL:     11   Next: 51%
Magic:  10/10      EV: 11    Int:  4    God:    Trog [****..]
Gold:   769        SH:  0    Dex: 10    Spells: 10/10 levels left

rFire    + . .     SeeInvis .   a - +1 battleaxe (elec)
rCold    . . .     Gourm    .   (shield currently unavailable)
rNeg     . . .     Faith    +   w - +0 plate armour
rPois    .         Spirit   .   o - +2 hat
rElec    .         Reflect  .   u - scarf {repulsion}
rCorr    .         Harm     .   c - +0 pair of gloves
MR       .....                  L - +0 pair of boots
Stlth    ..........             I - amulet of faith {Faith, !P}
HPRegen  0.27/turn              y - ring of stealth {Stlth+}
MPRegen  0.12/turn              F - ring of protection from fire

@: lethally poisoned (-6 -> -7), about to teleport, berserk cooldown, slowed,
repel missiles, very slow
A: retaliatory headbutt, horns 2
a: Berserk, Trog's Hand, Brothers in Arms, Renounce Religion


You were on level 1 of the Lair of Beasts.
You worshipped Trog.
Trog was greatly pleased with you.
You were very hungry.

You visited 2 branches of the dungeon, and saw 11 of its levels.
You also visited: Bailey.

You collected 818 gold pieces.
You spent 49 gold pieces at shops.

Inventory:

Hand Weapons
 a - a +1 battleaxe of electrocution (weapon)
 b - a +4 arbalest of velocity
Missiles
 s - 72 tomahawks of returning (quivered)
 M - 2 tomahawks
 O - 15 poisoned needles
 Q - 380 stones
Armour
 c - a +0 pair of gloves (worn)
 o - a +2 hat (worn)
 u - a scarf of repulsion (worn)
 w - a +0 plate armour (worn)
 L - a +0 pair of boots (worn)
Jewellery
 y - a ring of stealth (left hand) {Stlth+}
 z - a +6 ring of intelligence
 C - an uncursed amulet of the acrobat
 F - a ring of protection from fire (right hand)
 I - an amulet of faith (around neck) {Faith, !P}
 J - a cursed amulet of inaccuracy {unknown}
Wands
 D - a wand of polymorph (8)
 E - a wand of flame (68)
 G - a wand of acid (11)
Scrolls
 d - a scroll of blinking {unknown}
 f - 2 scrolls of fog
 g - 6 scrolls of remove curse
 i - 4 scrolls of identify
 k - 2 scrolls of fear {unknown}
 l - 4 scrolls of amnesia
 m - 2 scrolls of magic mapping {!r}
 n - a scroll of immolation {unknown}
 t - 2 scrolls of teleportation
 v - 2 scrolls of enchant weapon {unknown}
 x - 2 scrolls of acquirement {unknown}
Potions
 h - a potion of cancellation {unknown}
 j - 3 potions of agility {unknown}
 p - 5 potions of degeneration {unknown}
 q - 2 potions of might
 r - 2 potions of berserk rage {unknown}
 A - 8 potions of mutation {unknown}
 B - 3 potions of curing {unknown}
 H - 5 potions of heal wounds {unknown}
 K - 3 potions of magic {unknown}
Comestibles
 e - 19 rations
 N - 16 chunks of flesh


   Skills:
 + Level 11.4 Fighting
 + Level 11.5 Axes
 + Level 11.2 Armour
 + Level 10.3 Dodging


You had 10 spell levels left.
You didn't know any spells.
Your spell library was empty.

Dungeon Overview and Level Annotations

Branches:
Dungeon (10/15)            Temple (0/1) D:4            Lair (1/6) D:9
    Orc (0/2) D:9

Altars:
Fedhas
Gozag
Hepliaklqana
Sif Muna
Trog
Vehumet
Yredelemnul
The Shining One
Beogh

Shops:
D:7 *   D:9 ?

Portals:
Trove: D:10 (give horn of Geryon)


Innate Abilities, Weirdness & Mutations

You reflexively headbutt those who attack you in melee.
You have a pair of horns on your head.


Message History

* * * LOW HITPOINT WARNING * * *
You take 9 damage, and have 12/102 hp.
You feel sick.
The 11-headed hydra bites you but does no damage. x3
The 11-headed hydra completely misses you.
The 11-headed hydra barely misses you. The 11-headed hydra closely misses you.
The 11-headed hydra bites you but does no damage.
The 11-headed hydra bites you.
* * * LOW HITPOINT WARNING * * *
The 11-headed hydra barely misses you.
The 11-headed hydra bites you but does no damage.
The 11-headed hydra bites you.
* * * LOW HITPOINT WARNING * * *
You take 6 damage, and have 6/102 hp.
As you read the scroll of teleportation, it crumbles to dust.
You feel strangely unstable. The 11-headed hydra misses you.
The 11-headed hydra bites you.
* * * LOW HITPOINT WARNING * * *
The 11-headed hydra bites you!
You die...

...#.....#..........# .
#.....#........#.# ...
#................#
.....#.....#........#.#
.......................#
............#........P..
...
......#.....#........#
..
......#.....#........# P
##+####.....####@#.#....
# ...........D........ #
.......[............ #
..........########## #
..###.#....# #
..........## #
.#........# #
..#.......## ##... ####
........#.# #P...###.##


You could see a 11-headed hydra.

Vault maps used:
D:1:      erik_arrival_gehennom
D:2:      lemuel_doored_altar, overflow_temple_1_default
D:4:      temple_pool_b, roderic_batcave
D:5:      biasface_ghost_orc_armoury, first_ration, grunt_gozag_breadcrumbs,
          uniq_blork_the_orc
D:6:      kennysheep_potato
D:7:      lemuel_zombie_altar_yredelemnul, lemuel_round_altar, serial_shops,
          nicolae_shop_stone
D:8:      basic_altar, blue_anna_alchemist, uniq_erica, uniq_grum
D:9:      grunt_lair_entry_orc_guard_hut, hiddenorc1_lemuel, serial_shops, shop
D:10:     enter_trove_0, enter_bailey_2, fedhas_altar_4
Lair:1:   basic_altar
Bailey:   bailey_axe_2, bailey

Notes
Turn   | Place    | Note
-------+----------+-------------------------------------------
     0 | D:1      | Markonkel the Minotaur Berserker began the quest for the
                  | Orb.
     0 | D:1      | Reached XP level 1. HP: 19/19 MP: 0/0
    83 | D:1      | Reached XP level 2. HP: 27/27 MP: 1/1
   405 | D:1      | Identified a +0 pair of gloves (You found it on level 1 of
                  | the Dungeon)
   564 | D:1      | Reached skill level 4 in Axes
   964 | D:2      | Reached skill level 4 in Fighting
  1039 | D:1      | Identified a +0 chain mail (You found it on level 2 of the
                  | Dungeon)
  1145 | D:2      | Reached skill level 3 in Armour
  1145 | D:2      | Reached XP level 3. HP: 26/33 MP: 2/2
  1178 | D:2      | Found a glowing golden altar of the Shining One.
  1437 | D:2      | Reached skill level 3 in Dodging
  1454 | D:2      | Found a hazy altar of Hepliaklqana.
  1504 | D:2      | Reached XP level 4. HP: 33/40 MP: 3/3
  1946 | D:3      | Reached ** piety under Trog
  2777 | D:4      | Reached XP level 5. HP: 47/47 MP: 4/4
  2804 | D:4      | Reached skill level 4 in Armour
  2812 | D:4      | Reached skill level 5 in Axes
  2958 | D:4      | Reached skill level 5 in Fighting
  2964 | D:4      | Identified a scarf of repulsion (You found it on level 4 of
                  | the Dungeon)
  3080 | D:4      | Found a staircase to the Ecumenical Temple.
  3100 | D:4      | Reached XP level 6. HP: 51/56 MP: 5/5
  3191 | D:4      | Reached skill level 4 in Dodging
  3311 | D:4      | Reached skill level 5 in Armour
  3311 | D:4      | Reached XP level 7. HP: 53/62 MP: 6/6
  3446 | D:4      | Reached *** piety under Trog
  3448 | D:4      | Reached skill level 6 in Axes
  3495 | D:4      | Reached skill level 6 in Fighting
  3613 | D:4      | Reached skill level 5 in Dodging
  3809 | D:4      | Identified a +0 plate armour (You found it on level 4 of
                  | the Dungeon)
  3982 | D:5      | Entered Level 5 of the Dungeon
  4291 | D:5      | Reached XP level 8. HP: 69/71 MP: 7/7
  4293 | D:5      | Reached skill level 6 in Armour
  4309 | D:5      | HP: 17/71 [poisoned by a water moccasin]
  4316 | D:5      | HP: 15/71 [poisoned by a water moccasin]
  4321 | D:5      | HP: 15/71 [poisoned by a water moccasin]
  4530 | D:5      | Reached skill level 7 in Axes
  4723 | D:5      | Noticed Blork the orc
  4769 | D:5      | Reached skill level 7 in Fighting
  4816 | D:5      | Found an opulent altar of Gozag.
  5013 | D:5      | Reached skill level 6 in Dodging
  5045 | D:5      | Noticed erker's ghost (novice OpTm)
  5046 | D:5      | Found a runed gate.
  5049 | D:5      | Found a runed gate.
  5050 | D:5      | Found a runed gate.
  5059 | D:5      | Killed Blork the orc
  5088 | D:5      | Identified a +1 battleaxe of electrocution (You took it off
                  | Blork the orc on level 5 of the Dungeon)
  5304 | D:5      | Found a roughly hewn altar of Beogh.
  5492 | D:6      | Identified 4 scrolls of teleportation
  5497 | D:6      | Reached skill level 7 in Armour
  5539 | D:6      | Identified 4 scrolls of remove curse
  5540 | D:6      | Identified 3 scrolls of amnesia
  5541 | D:6      | Identified 3 scrolls of fog
  5892 | D:6      | Reached XP level 9. HP: 73/81 MP: 8/8
  5893 | D:6      | Reached skill level 8 in Axes
  6137 | D:6      | Reached skill level 8 in Fighting
  6514 | D:5      | Killed erker's ghost
  6514 | D:5      | Reached skill level 7 in Dodging
  6656 | D:5      | Identified a +2 hat (You found it on level 5 of the
                  | Dungeon)
  6656 | D:5      | Identified 2 scrolls of identify
  6656 | D:5      | Identified an amulet of the acrobat (You found it on level
                  | 5 of the Dungeon)
  6658 | D:5      | Identified a ring of stealth (You found it on level 6 of
                  | the Dungeon)
  6746 | D:7      | Reached **** piety under Trog
  6746 | D:7      | Reached skill level 8 in Armour
  6876 | D:7      | You fall through a shaft for 2 floors!
  6895 | D:9      | Reached skill level 9 in Fighting
  6895 | D:9      | Reached skill level 9 in Axes
  7038 | D:9      | Noticed a red ugly thing
  7045 | D:9      | Killed a red ugly thing
  7045 | D:9      | Reached skill level 8 in Dodging
  7200 | D:9      | Noticed a green ugly thing
  7213 | D:9      | Killed a green ugly thing
  7213 | D:9      | Reached skill level 9 in Armour
  7213 | D:9      | Reached XP level 10. HP: 54/91 MP: 9/9
  7231 | D:9      | HP: 22/91 [poisoned by a green ugly thing]
  7236 | D:9      | HP: 19/91 [poisoned by a green ugly thing]
  7241 | D:9      | HP: 17/91 [poisoned by a green ugly thing]
  7246 | D:9      | HP: 17/91 [poisoned by a green ugly thing]
  7253 | D:9      | HP: 16/91 [poisoned by a green ugly thing]
  7261 | D:9      | HP: 16/91 [poisoned by a green ugly thing]
  7574 | D:9      | Identified a +0 troll leather armour
  7725 | D:9      | Found Ulatuez's Magic Scroll Shop.
  7733 | D:9      | Bought a scroll of magic mapping for 49 gold pieces
  7801 | D:9      | Found a staircase to the Lair.
  7872 | D:9      | Identified a scroll of random uselessness
  7921 | D:9      | Found a staircase to the Orcish Mines.
  7984 | D:9      | Got a heavily runed helmet
  8173 | D:8      | Noticed Erica
  8183 | D:8      | Killed Erica
  8302 | D:8      | Reached skill level 10 in Axes
  8470 | D:8      | Found a bloodstained altar of Trog.
  8471 | D:8      | Noticed Grum
  8475 | D:8      | Reached skill level 10 in Fighting
  8486 | D:8      | Killed Grum
  8915 | D:8      | Reached skill level 9 in Dodging
  8993 | D:8      | Identified an amulet of faith (You found it on level 8 of
                  | the Dungeon)
  8996 | D:8      | Identified a ring of intelligence (You found it on level 8
                  | of the Dungeon)
  8997 | D:8      | Identified a ring of protection from fire (You found it on
                  | level 9 of the Dungeon)
  9040 | D:7      | Found Kacadeze's Assorted Antiques.
  9494 | D:7      | Found a radiant altar of Vehumet.
  9566 | D:7      | Found a basalt altar of Yredelemnul.
  9847 | D:10     | Entered Level 10 of the Dungeon
  9866 | D:10     | Found a flagged portal.
  9870 | D:10     | Reached skill level 10 in Armour
  9884 | Bailey   | Entered a bailey
  9961 | Bailey   | Reached ***** piety under Trog
 10209 | Bailey   | Noticed an orc knight
 10229 | Bailey   | Killed an orc knight
 10260 | Bailey   | Received a gift from Trog
 10548 | Bailey   | Identified a +4 arbalest of velocity (Trog gifted it to you
                  | in a bailey)
 10650 | D:10     | Found a blossoming altar of Fedhas.
 10747 | D:10     | Noticed a death knight
 10747 | D:10     | Noticed a phantasmal warrior
 10747 | D:10     | Noticed a phantasmal warrior
 10748 | D:10     | Noticed a skeletal warrior
 10752 | D:10     | Killed a phantasmal warrior
 10758 | D:10     | Killed a skeletal warrior
 10758 | D:10     | Reached XP level 11. HP: 30/101 MP: 10/10
 10759 | D:10     | HP: 22/101 [phantasmal warrior[a death knight] (8)]
 10759 | D:10     | Killed a death knight
 10761 | D:10     | Killed a phantasmal warrior
 11074 | D:10     | Identified a +0 pair of boots (You found it on level 10 of
                  | the Dungeon)
 11126 | D:10     | Reached skill level 11 in Axes
 11321 | D:10     | Reached skill level 11 in Fighting
 11540 | D:10     | Found a portal to a secret trove of treasure.
 11545 | D:10     | Identified +0 steam dragon scales
 11549 | D:10     | Reached skill level 10 in Dodging
 11977 | Lair:1   | Entered Level 1 of the Lair of Beasts
 12082 | Lair:1   | Reached skill level 11 in Armour
 12160 | Lair:1   | Found a deep blue altar of Sif Muna.
 12218 | Lair:1   | Noticed a seven-headed hydra
 12235 | Lair:1   | HP: 22/102 [11-headed hydra (7)]
 12237 | Lair:1   | HP: 6/102 [11-headed hydra (5)]
 12238 | Lair:1   | Mangled by an 11-headed hydra

Table legend:
 A = Turns spent in this place as a percentage of turns spent in the entire game.
 B = Non-inter-level travel turns spent in this place as a percentage of non-inter-level travel turns spent in the entire game.
 C = Inter-level travel turns spent in this place as a percentage of turns spent in this place.
 D = Turns resting spent in this place as a percentage of non-inter-level travel turns spent in this place.
 E = Turns spent auto-exploring this place as a percentage of non-inter-level travel turns spent in this place.
 F = Non-inter-level travel turns spent in this place divided by the number of levels of this place that you've seen.
                   A       B       C       D       E      F
               +-------+-------+-------+-------+-------+----------------------
         Total | 100.0 | 100.0 |   4.7 |   3.0 |  80.4 | 971.6
       Dungeon |  92.3 |  92.0 |   5.1 |   3.3 |  81.5 | 1072.1
          Lair |   2.1 |   2.2 |   0.0 |   0.0 |  73.6 | 261.0
        Bailey |   5.5 |   5.8 |   0.0 |   0.0 |  66.2 | 677.0
               +-------+-------+-------+-------+-------+----------------------

Table legend:
 A = Kills in this place as a percentage of kills in entire the game.
 B = Kills by you in this place as a percentage of kills by you in the entire game.
 C = Kills by friends in this place as a percentage of kills by friends in the entire game.
 D = Other kills in this place as a percentage of other kills in the entire game.
 E = Experience gained in this place as a percentage of experience gained in the entire game.
 F = Experience gained in this place divided by the number of levels of this place that you have seen.
                   A       B       C       D       E      F
               +-------+-------+-------+-------+-------+----------------------
         Total | 100.0 | 100.0 | 100.0 |   N/A | 100.0 | 1381.3
       Dungeon |  82.4 |  82.0 |  91.7 |   N/A |  79.3 | 1314.0
          Lair |   5.9 |   6.1 |   0.0 |   N/A |  16.0 | 2652.0
        Bailey |  11.7 |  11.9 |   8.3 |   N/A |   4.7 | 784.0
               +-------+-------+-------+-------+-------+----------------------

Skill      XL: |  1  2  3  4  5  6  7  8  9 10 11 |
---------------+----------------------------------+-----
Axes           | 4 5 6 7 9 10 11 | 11.5
Fighting       | 4 5 6 7 9 10 11 | 11.4
Armour         | 3 4 5 7 9 10 11 | 11.2
Dodging        | 3 4 5 6 8 9 10 | 10.3

Action                   |  1- 3 |  4- 6 |  7- 9 | 10-12 || total
-------------------------+-------+-------+-------+-------++-------
Melee: Hand axe          |    82 |   101 |   124 |       ||   307
       Headbutt          |    17 |    19 |    55 |    47 ||   138
       Battleaxe         |       |       |   119 |   246 ||   365
Throw: Stone             |       |       |     1 |       ||     1
Invok: Berserk           |     2 |     3 |     9 |    11 ||    25
       Brothers in Arms  |       |       |       |     5 ||     5
       Trog's Hand       |       |       |       |     1 ||     1
Evoke: Wand              |       |       |       |     3 ||     3
  Use: Scroll            |       |       |     6 |     6 ||    12
 Stab: Sleeping          |     1 |       |       |       ||     1
  Eat: Chunk             |     4 |     8 |    10 |    25 ||    47
       Ration            |       |       |     3 |     1 ||     4
Armor: Animal skin       |     3 |       |       |       ||     3
       Chain mail        |    27 |    36 |    28 |       ||    91
       Plate armour      |       |       |   106 |   207 ||   313
Dodge: Dodged            |    47 |    48 |   125 |   213 ||   433
       Deflected         |       |       |     2 |    23 ||    25

Vanquished Creatures
  An orc knight (Bailey)
  A phantasmal warrior (D:10)
  2 ugly things (D:9)
  A centaur skeleton (D:10)
  A spiny frog (Lair:1)
  The ghost of erker the Changer, a novice OpTm of the Shining One (D:5)
  A troll (D:9)
  2 hippogriffs
  4 yaks (Lair:1)
  Grum (D:8)
  A steam dragon (D:10)
  2 water moccasins
  A porcupine (D:9)
  4 black bears
  A sky beast (D:9)
  3 ice beasts
  3 orc warriors
  3 phantoms (D:4)
  6 ogres
  9 wolves
  6 centaurs
  2 crocodiles (Lair:1)
  A big kobold (D:8)
  Blork the orc (D:5)
  10 bullfrogs
  A wyvern zombie (D:10)
  3 scorpions
  7 killer bees (D:7)
  A howler monkey (D:4)
  3 wights (D:10)
  A crimson imp (D:6)
  A quasit (D:7)
  3 bullfrog zombies
  A centaur zombie (D:5)
  A jelly (D:8)
  A hound (D:5)
  6 orc priests
  2 bullfrog skeletons
  10 orc wizards
  2 iguanas
  9 worker ants
  A hound skeleton (D:5)
  3 worker ant zombies
  12 gnolls (Bailey)
  10 adders
  3 shadow imps
  3 oozes
  An adder skeleton (D:9)
  4 worms
  3 leopard geckos
  45 orcs
  13 bats
  4 giant cockroaches
  2 gnoll zombies (D:7)
  6 goblins
  9 hobgoblins
  2 jackals (D:2)
  22 kobolds
  3 quokkas
  5 frilled lizards
  A jackal skeleton (D:5)
  A quokka zombie (D:5)
  5 rats
  A plant (D:9)
279 creatures vanquished.

Vanquished Creatures (collateral kills)
  Erica (D:8)
  A death knight (D:10)
  A skeletal warrior (D:10)
  A phantasmal warrior (D:10)
  A freezing wraith (D:10)
  A gnoll (Bailey)
  6 orcs (D:9)
12 creatures vanquished.

Grand Total: 291 creatures vanquished
